Stars vs Oilers
(R1)
Created - 18 janvier 2013 at 19:12
Goals
|
| Stars |
1 |
0 |
1 |
0 |
2 |
3 |
| Oilers |
1 |
1 |
0 |
0 |
0 |
2 |
|
Shots
|
| Stars |
16 |
2 |
14 |
0 |
3 |
32 |
| Oilers |
9 |
11 |
12 |
0 |
2 |
32 |
|
1st period
1. Stars , Glen Metropolit 3 (Mathieu Schneider) at 12:40
2. Oilers , Jiri Slegr 3 (Joe Pavelski, Ilya Kovalchuk) at 17:05 (PP)
Penalties :
Cory Stillman (Dal) for Slashing (Minor) at 16:57
2nd period
3. Oilers , Joe Pavelski 15 (Erik Rasmussen, Patrick Marleau) at 8:26
Penalties :
Mathieu Schneider (Dal) for Roughing (Minor) at 0:15, Ivan Majesky (Dal) for High sticking (Minor) at 3:47, Kurtis Foster (Edm) for Roughing (Minor) at 4:14, Erik Rasmussen (Edm) for Checking from behind (Major) at 10:55, Joe Callahan (Edm) for Slashing (Minor) at 19:17
3rd period
4. Stars , Alexei Kovalev 7 (Mike Modano, Filip Novak) at 0:10 (PP)
Penalties :
Alexei Kovalev (Dal) for Roughing (Minor) at 0:18, Cory Stillman (Dal) for Tripping (Minor) at 1:18, Patrick Kaleta (Edm) for Hooking (Minor) at 4:05, Kurtis Foster (Edm) for Tripping (Minor) at 7:22, Joe Callahan (Edm) for Hooking (Minor) at 17:56
Overtime #1
No Goal
Penalties :
No Penalty
Shootout
Penalty Shot by Mike Modano for Stars - Stopped by Byron Dafoe
Penalty Shot by Ilya Kovalchuk for Oilers - Shot Misses the Net
Penalty Shot by Alexei Kovalev for Stars - Goal!
Penalty Shot by Pavol Demitra for Oilers - Shot Misses the Net
Penalty Shot by Cory Stillman for Stars - Goal!
Penalties :
No Penalty
Goalie Stats
Miika Kiprusoff (Dal), 30 saves from 32 shots - (0,938), W, 10-12-2, 65:00 minutes
Byron Dafoe (Edm), 30 saves from 32 shots - (0,938), OTL, 4-3-1, 65:00 minutes
Players Stats for Stars
Player Name G A P +/- PIM S H SB GA TA FO MP PP MP PK MP
------------------------------------------------------------------------------------
Alexei Kovalev 1 0 1 -1 2 2 2 0 0 0 0/1 19:04 5:50 0:09
Branislav Mezei 0 0 0 0 0 1 1 2 0 0 0/0 23:43 4:08 3:30
Brendan Bell 0 0 0 0 0 0 1 0 0 1 0/0 18:32 3:59 0:35
Cory Stillman 0 0 0 0 4 2 3 0 1 0 0/0 19:46 4:54 2:11
David Legwand 0 0 0 0 0 2 0 0 1 1 5/11 18:46 4:48 1:06
Evgeny Artyukhin 0 0 0 0 0 0 3 1 0 0 0/1 10:25 1:21 0:00
Filip Novak 0 1 1 0 0 5 2 1 2 0 0/0 30:00 7:04 3:19
Glen Metropolit 1 0 1 1 0 1 0 0 0 0 3/4 8:29 0:20 0:00
Ivan Majesky 0 0 0 0 2 1 1 3 0 0 0/0 12:15 1:26 0:00
Jan Hlavac 0 0 0 1 0 3 1 1 0 0 0/0 11:44 1:21 1:00
Marcus Nilson 0 0 0 0 0 1 1 0 0 0 0/1 9:17 0:11 0:12
Mark Parrish 0 0 0 1 0 0 2 0 0 0 0/0 7:59 0:11 0:00
Mathieu Schneider 0 1 1 0 2 4 1 0 0 2 0/0 28:07 7:04 1:28
Mike Modano 0 1 1 -1 0 2 4 2 0 1 22/33 25:07 5:50 3:28
Nathan Horton 0 0 0 0 0 0 1 0 0 0 0/0 16:22 4:48 0:53
Patrik Elias 0 0 0 -1 0 4 4 0 0 0 0/1 21:39 5:50 0:00
Randy Jones 0 0 0 0 0 1 1 1 2 0 0/0 17:28 0:57 2:14
Steve Rucchin 0 0 0 0 0 3 2 0 0 0 0/3 13:08 1:18 1:07
Players Stats for Oilers
Player Name G A P +/- PIM S H SB GA TA FO MP PP MP PK MP
------------------------------------------------------------------------------------
Eric Nystrom 0 0 0 0 0 0 2 0 0 0 0/0 12:43 0:00 4:32
Erik Rasmussen 0 1 1 0 5 1 0 1 0 0 7/18 20:04 2:39 2:45
Ian White 0 0 0 1 0 5 0 3 1 0 0/0 23:07 2:35 1:47
Ilya Kovalchuk 0 1 1 0 0 3 1 1 2 0 1/2 19:35 2:54 1:22
Jiri Slegr 1 0 1 1 0 2 2 3 1 0 0/0 25:43 2:35 6:09
Joe Callahan 0 0 0 0 4 2 0 3 0 0 0/0 21:29 2:58 4:31
Joe Pavelski 1 1 2 0 0 4 1 0 0 0 1/1 15:54 2:54 0:00
Jonathan Toews 0 0 0 0 0 3 3 0 0 0 7/17 18:47 2:54 1:31
Kurtis Foster 0 0 0 -1 4 2 0 0 0 0 0/0 22:29 2:57 1:02
Mark Fistric 0 0 0 0 0 0 0 1 0 1 0/0 16:20 0:00 5:35
Marty Reasoner 0 0 0 0 0 1 2 1 0 0 8/12 15:30 0:00 5:34
Pascal Dupuis 0 0 0 0 0 1 2 0 0 0 0/0 6:03 0:00 0:00
Patrick Kaleta 0 0 0 0 2 0 0 0 0 0 0/0 9:25 0:00 0:00
Patrick Marleau 0 1 1 0 0 3 2 0 0 0 0/0 17:18 2:39 0:14
Pavol Demitra 0 0 0 0 0 2 2 1 0 1 1/3 15:30 2:39 0:00
Rob Scuderi 0 0 0 -1 0 0 2 1 1 4 0/0 21:34 0:00 5:28
Steve Begin 0 0 0 0 0 2 3 0 0 0 0/0 15:44 0:00 6:08
Vernon Fiddler 0 0 0 0 0 1 0 0 0 0 0/2 8:51 0:00 2:26
3 Stars
1 - Jiri Slegr (Edm)
2 - Joe Pavelski (Edm)
3 - Glen Metropolit (Dal)
Power Play
Stars - 1 on 6 Attempt(s) - 16,67%
Oilers - 1 on 5 Attempt(s) - 20,00%
Penalty Kill
Stars - 4 on 5 Attempt(s) - 80,00%
- Score 0 goal in Penalty Kill
Oilers - 5 on 6 Attempt(s) - 83,33%
- Score 0 goal in Penalty Kill
Official
Referees : Joannette Marc and Jackson Dave
Linesman : Tony Sericolo and Tim Nowak
Game Notes
Marty Reasoner is injured at 18:58 of 3rd period (Fractured Metatarsal (Right Foot))
Finance
Level 1 -- Attendance: 5733 (95,55%) -- Ticket Income 429 975 $
Level 2 -- Attendance: 5000 (100,00%) -- Ticket Income 245 000 $
Level 3 -- Attendance: 2000 (100,00%) -- Ticket Income 64 000 $
Level 4 -- Attendance: 4000 (100,00%) -- Ticket Income 76 000 $
Luxury Box -- Attendance: 843 (84,30%) -- Ticket Income 157 641 $
Game was played at the Rexall Place
Total Attendance: 17576 (97,64%)
Total Ticket Income: 972 616 $
Total Income: 972 616 $
Stars
5 vs 5 Forward
Center Left Wing Right Wing Time % Phy DF OF
1 Mike Modano Patrik Elias Alexei Kovalev 40 1 2 2
2 David Legwand Cory Stillman Nathan Horton 30 1 2 2
3 Steve Rucchin Marcus Nilson Evgeny Artyukhin 20 1 2 2
4 Glen Metropolit Jan Hlavac Mark Parrish 10 1 2 2
5 vs 5 Defense
Defense Defense Time % Phy DF OF
1 Mathieu Schneider Filip Novak 40 1 2 2
2 Branislav Mezei Randy Jones 30 1 2 2
3 Ivan Majesky Brendan Bell 20 1 2 2
4 Mathieu Schneider Filip Novak 10 1 2 2
PowerPlay Forward
Center Left Wing Right Wing Time % Phy DF OF
1 Mike Modano Patrik Elias Alexei Kovalev 60 1 2 2
2 David Legwand Cory Stillman Nathan Horton 40 1 2 2
PowerPlay Defense
Defense Defense Time % Phy DF OF
1 Mathieu Schneider Filip Novak 60 1 2 2
2 Branislav Mezei Brendan Bell 40 1 2 2
Penalty Kill 4 Players Forward
Center Wing Time % Phy DF OF
1 Mike Modano Cory Stillman 60 1 2 2
2 Steve Rucchin Nathan Horton 40 1 2 2
Penalty Kill 4 Players Defense
Defense Defense Time % Phy DF OF
1 Branislav Mezei Filip Novak 60 1 2 2
2 Mathieu Schneider Randy Jones 40 1 2 2
Penalty Kill - 3 Players Forward
Forward Time % Phy DF OF
1 Mike Modano 60 1 2 2
2 Steve Rucchin 40 1 2 2
Penalty Kill - 3 Players Defense
Defense Defense Time % Phy DF OF
1 Branislav Mezei Filip Novak 60 1 2 2
2 Mathieu Schneider Randy Jones 40 1 2 2
4 vs 4 Forward
Center Wing Time % Phy DF OF
1 Mike Modano Patrik Elias 60 1 2 2
2 David Legwand Cory Stillman 40 1 2 2
4 vs 4 Defense
Defense Defense Time % Phy DF OF
1 Mathieu Schneider Filip Novak 60 1 2 2
2 Branislav Mezei Brendan Bell 40 1 2 2
Last Minutes Offensive
Center Left Wing Right Wing Defense Defense
Mike Modano Patrik Elias Nathan Horton Mathieu Schneider Filip Novak
Last Minutes Defensive
Center Left Wing Right Wing Defense Defense
Mike Modano Cory Stillman Nathan Horton Branislav Mezei Filip Novak
Goaltenders
Starting : Miika Kiprusoff
Backup : Chris Osgood
Extra Forwards
Normal : David Legwand, Mike Modano, Steve Rucchin - PP : David Legwand, Steve Rucchin - PK : David Legwand
Extra Defensemen
Normal : Filip Novak, Mathieu Schneider, Branislav Mezei - PP : Brendan Bell - PK : Branislav Mezei, Brendan Bell
Penalty Shots
Mike Modano, Alexei Kovalev, Cory Stillman, Nathan Horton, Steve Rucchin
Oilers
5 vs 5 Forward
Center Left Wing Right Wing Time % Phy DF OF
1 Jonathan Toews Ilya Kovalchuk Pavol Demitra 35 1 1 3
2 Erik Rasmussen Patrick Marleau Joe Pavelski 35 1 1 3
3 Marty Reasoner Steve Begin Patrick Kaleta 20 2 1 2
4 Vernon Fiddler Eric Nystrom Pascal Dupuis 10 1 3 1
5 vs 5 Defense
Defense Defense Time % Phy DF OF
1 Kurtis Foster Rob Scuderi 37 1 2 2
2 Ian White Jiri Slegr 35 1 2 2
3 Joe Callahan Mark Fistric 23 0 3 2
4 Kurtis Foster Joe Callahan 5 1 2 2
PowerPlay Forward
Center Left Wing Right Wing Time % Phy DF OF
1 Jonathan Toews Ilya Kovalchuk Joe Pavelski 50 0 1 4
2 Erik Rasmussen Patrick Marleau Pavol Demitra 50 0 1 4
PowerPlay Defense
Defense Defense Time % Phy DF OF
1 Kurtis Foster Joe Callahan 50 0 2 3
2 Ian White Jiri Slegr 50 0 2 3
Penalty Kill 4 Players Forward
Center Wing Time % Phy DF OF
1 Marty Reasoner Steve Begin 50 1 3 1
2 Erik Rasmussen Eric Nystrom 50 1 3 1
Penalty Kill 4 Players Defense
Defense Defense Time % Phy DF OF
1 Jiri Slegr Mark Fistric 50 1 3 1
2 Joe Callahan Rob Scuderi 50 1 3 1
Penalty Kill - 3 Players Forward
Forward Time % Phy DF OF
1 Marty Reasoner 50 1 2 2
2 Erik Rasmussen 50 1 3 1
Penalty Kill - 3 Players Defense
Defense Defense Time % Phy DF OF
1 Jiri Slegr Mark Fistric 50 1 3 1
2 Joe Callahan Rob Scuderi 50 1 3 1
4 vs 4 Forward
Center Wing Time % Phy DF OF
1 Erik Rasmussen Ilya Kovalchuk 50 1 1 3
2 Marty Reasoner Patrick Marleau 50 1 2 2
4 vs 4 Defense
Defense Defense Time % Phy DF OF
1 Kurtis Foster Rob Scuderi 50 1 2 2
2 Ian White Jiri Slegr 50 1 2 2
Last Minutes Offensive
Center Left Wing Right Wing Defense Defense
Erik Rasmussen Ilya Kovalchuk Joe Pavelski Ian White Kurtis Foster
Last Minutes Defensive
Center Left Wing Right Wing Defense Defense
Jonathan Toews Ilya Kovalchuk Joe Pavelski Ian White Jiri Slegr
Goaltenders
Starting : Byron Dafoe
Backup : Cam Ward
Extra Forwards
Normal : Patrick Marleau, Ilya Kovalchuk, Joe Pavelski - PP : Steve Begin, Patrick Kaleta - PK : Vernon Fiddler
Extra Defensemen
Normal : Ian White, Kurtis Foster, Jiri Slegr - PP : Joe Callahan - PK : Ian White, Kurtis Foster
Penalty Shots
Ilya Kovalchuk, Pavol Demitra, Patrick Marleau, Joe Pavelski, Steve Begin
% Time on Ice - Stars
Lines # - Real PCT - Wanted PCT - Time Play
Normal Forward
1 - 33% - 40% - 13:25
2 - 26% - 30% - 10:41
3 - 22% - 20% - 8:45
4 - 19% - 10% - 7:48
Normal Defense
1 - 37% - 40% - 14:53
2 - 35% - 30% - 14:16
3 - 23% - 20% - 9:32
4 - 5% - 10% - 1:58
PP Forward
1 - 60% - 60% - 7:19
2 - 40% - 40% - 4:57
PP Defense
1 - 62% - 60% - 7:37
2 - 38% - 40% - 4:39
PK Forward
1 - 77% - 60% - 3:32
2 - 23% - 40% - 1:02
PK Defense
1 - 56% - 60% - 2:34
2 - 44% - 40% - 2:00
PK3 Forward
1 - 92% - 60% - 0:54
2 - 8% - 40% - 0:05
PK3 Defense
1 - 76% - 60% - 0:45
2 - 24% - 40% - 0:14
44 Forward
1 - 90% - 60% - 5:54
2 - 10% - 40% - 0:38
44 Defense
1 - 51% - 60% - 3:20
2 - 49% - 40% - 3:12
Last Minute Offensive - 0:00
Last Minute Defensive - 0:00
Total
Forward - 65:00
Defense - 65:00
|
% Time on Ice - Oilers
Lines # - Real PCT - Wanted PCT - Time Play
Normal Forward
1 - 31% - 35% - 12:44
2 - 31% - 35% - 12:35
3 - 23% - 20% - 9:17
4 - 15% - 10% - 6:03
Normal Defense
1 - 37% - 37% - 15:00
2 - 36% - 35% - 14:44
3 - 23% - 23% - 9:10
4 - 4% - 5% - 1:45
PP Forward
1 - 52% - 50% - 2:54
2 - 48% - 50% - 2:39
PP Defense
1 - 53% - 50% - 2:58
2 - 47% - 50% - 2:35
PK Forward
1 - 50% - 50% - 6:08
2 - 50% - 50% - 6:08
PK Defense
1 - 53% - 50% - 6:29
2 - 47% - 50% - 5:47
PK3 Forward
1 - 0% - 50%
2 - 0% - 50%
PK3 Defense
1 - 0% - 50%
2 - 0% - 50%
44 Forward
1 - 33% - 50% - 2:11
2 - 67% - 50% - 4:21
44 Defense
1 - 57% - 50% - 3:44
2 - 43% - 50% - 2:48
Last Minute Offensive - 0:00
Last Minute Defensive - 0:00
Total
Forward - 65:00
Defense - 65:00
|
Play by Play
1st period
0:01 of 1st period - Jonathan Toews wins face-off versus Mike Modano in neutral zone.
0:16 of 1st period - Snap shot by Ilya Kovalchuk.
0:16 of 1st period - Deflect By Jonathan Toews.
0:16 of 1st period - Stopped by Miika Kiprusoff with a rebound.
0:31 of 1st period - Slapshot by Joe Pavelski.
0:31 of 1st period - Deflect By Patrick Marleau.
0:31 of 1st period - Stopped by Miika Kiprusoff without a rebound.
0:32 of 1st period - Marty Reasoner wins face-off versus David Legwand in Stars zone.
0:45 of 1st period - Wrist shot by Steve Begin.
0:45 of 1st period - Stopped by Miika Kiprusoff with a rebound.
0:57 of 1st period - Joe Pavelski is hit by Evgeny Artyukhin and loses puck.
1:20 of 1st period - Slapshot by Glen Metropolit.
1:20 of 1st period - Shot Misses the Net.
1:22 of 1st period - Slapshot by Filip Novak.
1:22 of 1st period - Stopped by Byron Dafoe with a rebound.
1:24 of 1st period - Slapshot by Filip Novak.
1:24 of 1st period - Shot Blocked by Mark Fistric.
1:26 of 1st period - Slapshot by Jan Hlavac.
1:26 of 1st period - Shot Misses the Net.
1:36 of 1st period - Mike Modano is hit by Jonathan Toews and loses puck.
2:21 of 1st period - Wrist shot by Glen Metropolit.
2:21 of 1st period - Shot Misses the Net.
2:23 of 1st period - Wrist shot by Jan Hlavac.
2:23 of 1st period - Stopped by Byron Dafoe without a rebound.
2:24 of 1st period - Jonathan Toews wins face-off versus Glen Metropolit in Oilers zone.
3:59 of 1st period - Snap shot by Glen Metropolit.
3:59 of 1st period - Shot Misses the Net.
4:17 of 1st period - Snap shot by Patrik Elias.
4:17 of 1st period - Shot Misses the Net.
4:39 of 1st period - Branislav Mezei is hit by Jiri Slegr and loses puck.
5:08 of 1st period - Snap shot by Vernon Fiddler.
5:08 of 1st period - Stopped by Miika Kiprusoff with a rebound.
5:28 of 1st period - Snap shot by Ian White.
5:28 of 1st period - Stopped by Miika Kiprusoff with a rebound.
5:44 of 1st period - Slapshot by Ian White.
5:44 of 1st period - Stopped by Miika Kiprusoff without a rebound.
5:45 of 1st period - Mike Modano wins face-off versus Pavol Demitra in Stars zone.
6:34 of 1st period - Marcus Nilson is hit by Steve Begin and loses puck.
7:21 of 1st period - Filip Novak is hit by Rob Scuderi and loses puck.
7:49 of 1st period - Off-side.
7:50 of 1st period - Marty Reasoner wins face-off versus Marcus Nilson in neutral zone.
7:58 of 1st period - Off-side.
7:59 of 1st period - Mike Modano wins face-off versus Erik Rasmussen in neutral zone.
8:10 of 1st period - Snap shot by Patrik Elias.
8:10 of 1st period - Shot Misses the Net.
8:26 of 1st period - Icing by Mark Fistric.
8:27 of 1st period - David Legwand wins face-off versus Pavol Demitra in Oilers zone.
8:34 of 1st period - Snap shot by David Legwand.
8:34 of 1st period - Shot Blocked by Pavol Demitra.
8:36 of 1st period - Slapshot by Filip Novak.
8:36 of 1st period - Shot Blocked by Ilya Kovalchuk.
8:38 of 1st period - Snap shot by Filip Novak.
8:38 of 1st period - Stopped by Byron Dafoe with a rebound.
8:40 of 1st period - Slapshot by Mathieu Schneider.
8:40 of 1st period - Stopped by Byron Dafoe with a rebound.
8:42 of 1st period - Snap shot by Filip Novak.
8:42 of 1st period - Shot Blocked by Rob Scuderi.
8:52 of 1st period - Patrik Elias is hit by Patrick Marleau and loses puck.
9:14 of 1st period - Off-side.
9:15 of 1st period - Marty Reasoner wins face-off versus Evgeny Artyukhin in neutral zone.
9:28 of 1st period - Wrist shot by Marcus Nilson.
9:28 of 1st period - Stopped by Byron Dafoe without a rebound.
9:29 of 1st period - Mike Modano wins face-off versus Jonathan Toews in Oilers zone.
9:54 of 1st period - Joe Pavelski is hit by Branislav Mezei and loses puck.
10:05 of 1st period - Snap shot by Cory Stillman.
10:05 of 1st period - Shot Misses the Net.
10:19 of 1st period - Patrick Kaleta is hit by Filip Novak and loses puck.
10:24 of 1st period - Slapshot by Steve Rucchin.
10:24 of 1st period - Stopped by Byron Dafoe without a rebound.
10:25 of 1st period - Mike Modano wins face-off versus Jonathan Toews in Oilers zone.
10:30 of 1st period - Wrist shot by Patrik Elias.
10:30 of 1st period - Shot Misses the Net.
10:32 of 1st period - Backhand shot by Ivan Majesky.
10:32 of 1st period - Stopped by Byron Dafoe with a rebound.
10:34 of 1st period - Snap shot by Alexei Kovalev.
10:34 of 1st period - Shot Misses the Net.
10:36 of 1st period - Slapshot by Brendan Bell.
10:36 of 1st period - Shot Blocked by Joe Callahan.
10:58 of 1st period - Backhand shot by Cory Stillman.
10:58 of 1st period - Stopped by Byron Dafoe without a rebound.
10:59 of 1st period - Erik Rasmussen wins face-off versus David Legwand in Oilers zone.
11:23 of 1st period - Jonathan Toews is hit by Nathan Horton.
11:45 of 1st period - Snap shot by Patrick Kaleta.
11:45 of 1st period - Shot Blocked by Mike Modano.
12:30 of 1st period - Slapshot by Patrick Marleau.
12:30 of 1st period - Shot Misses the Net.
12:38 of 1st period - Slapshot by Mathieu Schneider.
12:38 of 1st period - Shot Blocked by Erik Rasmussen.
12:40 of 1st period - Snap shot by Glen Metropolit.
12:40 of 1st period - Goal by Glen Metropolit - Stars : 1 - Oilers : 0.
12:41 of 1st period - Jonathan Toews wins face-off versus Alexei Kovalev in neutral zone.
13:03 of 1st period - Icing by Joe Callahan.
13:04 of 1st period - David Legwand wins face-off versus Jonathan Toews in Oilers zone.
13:19 of 1st period - Snap shot by David Legwand.
13:19 of 1st period - Stopped by Byron Dafoe without a rebound.
13:20 of 1st period - Erik Rasmussen wins face-off versus Mike Modano in Oilers zone.
15:07 of 1st period - Randy Jones is hit by Pascal Dupuis and loses puck.
15:26 of 1st period - Backhand shot by Jonathan Toews.
15:26 of 1st period - Stopped by Miika Kiprusoff without a rebound.
15:27 of 1st period - Jonathan Toews wins face-off versus Steve Rucchin in Stars zone.
15:39 of 1st period - Snap shot by Jonathan Toews.
15:39 of 1st period - Stopped by Miika Kiprusoff with a rebound.
16:00 of 1st period - Snap shot by Erik Rasmussen.
16:00 of 1st period - Shot Misses the Net.
16:14 of 1st period - David Legwand is hit by Marty Reasoner and loses puck.
16:32 of 1st period - Icing by Patrick Kaleta.
16:33 of 1st period - Glen Metropolit wins face-off versus Marty Reasoner in Oilers zone.
16:42 of 1st period - Slapshot by Patrik Elias.
16:42 of 1st period - Deflect By Alexei Kovalev.
16:42 of 1st period - Stopped by Byron Dafoe with a rebound.
16:57 of 1st period - Minor Penalty to Cory Stillman for Slashing.
16:58 of 1st period - Jonathan Toews wins face-off versus Mike Modano in Stars zone.
17:03 of 1st period - Wrist shot by Joe Pavelski.
17:03 of 1st period - Shot Misses the Net.
17:05 of 1st period - Snap shot by Jiri Slegr.
17:05 of 1st period - Goal by Jiri Slegr - Stars : 1 - Oilers : 1.
17:06 of 1st period - Mike Modano wins face-off versus Erik Rasmussen in neutral zone.
17:11 of 1st period - Joe Pavelski is hit by Mike Modano and loses puck.
17:20 of 1st period - Wrist shot by Joe Pavelski.
17:20 of 1st period - Shot Misses the Net.
17:22 of 1st period - Slapshot by Rob Scuderi.
17:22 of 1st period - Shot Misses the Net.
18:18 of 1st period - Wrist shot by Erik Rasmussen.
18:18 of 1st period - Shot Blocked by Ivan Majesky.
18:32 of 1st period - Slapshot by Mike Modano.
18:32 of 1st period - Shot Misses the Net.
18:34 of 1st period - Slapshot by Branislav Mezei.
18:34 of 1st period - Shot Blocked by Jiri Slegr.
18:36 of 1st period - Wrist shot by Alexei Kovalev.
18:36 of 1st period - Deflect By Mike Modano.
18:36 of 1st period - Shot Misses the Net.
18:36 of 1st period - Puck is out of play.
18:37 of 1st period - Jonathan Toews wins face-off versus Patrik Elias in Oilers zone.
18:37 of 1st period - Jonathan Toews is hit by Alexei Kovalev.
19:03 of 1st period - Snap shot by Patrik Elias.
19:03 of 1st period - Stopped by Byron Dafoe with a rebound.
19:17 of 1st period - Slapshot by Patrik Elias.
19:17 of 1st period - Stopped by Byron Dafoe with a rebound.
19:19 of 1st period - Slapshot by Mike Modano.
19:19 of 1st period - Shot Misses the Net.
19:21 of 1st period - Snap shot by Randy Jones.
19:21 of 1st period - Stopped by Byron Dafoe with a rebound.
19:23 of 1st period - Wrist shot by Mike Modano.
19:23 of 1st period - Stopped by Byron Dafoe with a rebound.
19:25 of 1st period - Snap shot by Mike Modano.
19:25 of 1st period - Shot Misses the Net.
19:53 of 1st period - Wrist shot by Patrik Elias.
19:53 of 1st period - Shot Misses the Net.
19:55 of 1st period - Snap shot by Branislav Mezei.
19:55 of 1st period - Stopped by Byron Dafoe without a rebound.
19:56 of 1st period - Erik Rasmussen wins face-off versus David Legwand in Oilers zone.
2nd period
0:01 of 2nd period - David Legwand wins face-off versus Erik Rasmussen in neutral zone.
0:06 of 2nd period - Slapshot by Mathieu Schneider.
0:06 of 2nd period - Shot Misses the Net.
0:12 of 2nd period - Wrist shot by Kurtis Foster.
0:12 of 2nd period - Deflect By Erik Rasmussen.
0:12 of 2nd period - Shot Misses the Net.
0:12 of 2nd period - Puck is out of play.
0:13 of 2nd period - David Legwand wins face-off versus Erik Rasmussen in Stars zone.
0:15 of 2nd period - Minor Penalty to Mathieu Schneider for Roughing.
0:16 of 2nd period - Mike Modano wins face-off versus Erik Rasmussen in Stars zone.
0:27 of 2nd period - Snap shot by Kurtis Foster.
0:27 of 2nd period - Shot Blocked by Branislav Mezei.
0:29 of 2nd period - Snap shot by Pavol Demitra.
0:29 of 2nd period - Stopped by Miika Kiprusoff with a rebound.
0:31 of 2nd period - Slapshot by Joe Callahan.
0:31 of 2nd period - Stopped by Miika Kiprusoff without a rebound.
0:32 of 2nd period - Mike Modano wins face-off versus Jonathan Toews in Stars zone.
2:15 of 2nd period - Penalty to Mathieu Schneider is over, Mathieu Schneider is back on ice.
2:21 of 2nd period - Wrist shot by Steve Rucchin.
2:21 of 2nd period - Stopped by Byron Dafoe without a rebound.
2:22 of 2nd period - Marty Reasoner wins face-off versus Steve Rucchin in Oilers zone.
3:34 of 2nd period - Nathan Horton is hit by Marty Reasoner and loses puck.
3:47 of 2nd period - Minor Penalty to Ivan Majesky for High sticking.
3:48 of 2nd period - Mike Modano wins face-off versus Jonathan Toews in Stars zone.
3:57 of 2nd period - Kurtis Foster is hit by Filip Novak and loses puck.
4:14 of 2nd period - Minor Penalty to Kurtis Foster for Roughing.
4:15 of 2nd period - Mike Modano wins face-off versus Erik Rasmussen in Oilers zone.
4:21 of 2nd period - Icing by Rob Scuderi.
4:22 of 2nd period - Erik Rasmussen wins face-off versus Mike Modano in Oilers zone.
4:22 of 2nd period - Erik Rasmussen is hit by Mathieu Schneider.
5:23 of 2nd period - Branislav Mezei is hit by Patrick Marleau and loses puck.
5:47 of 2nd period - Penalty to Ivan Majesky is over, Ivan Majesky is back on ice.
6:14 of 2nd period - Penalty to Kurtis Foster is over, Kurtis Foster is back on ice.
6:22 of 2nd period - Joe Callahan is hit by Mark Parrish and loses puck.
6:41 of 2nd period - Brendan Bell is hit by Jonathan Toews and loses puck.
7:33 of 2nd period - Jiri Slegr is hit by Randy Jones and loses puck.
7:54 of 2nd period - Snap shot by Steve Rucchin.
7:54 of 2nd period - Shot Blocked by Ian White.
7:56 of 2nd period - Slapshot by Branislav Mezei.
7:56 of 2nd period - Shot Blocked by Jiri Slegr.
8:06 of 2nd period - Ian White is hit by Cory Stillman and loses puck.
8:22 of 2nd period - Wrist shot by Patrick Marleau.
8:22 of 2nd period - Stopped by Miika Kiprusoff with a rebound.
8:24 of 2nd period - Snap shot by Erik Rasmussen.
8:24 of 2nd period - Shot Misses the Net.
8:26 of 2nd period - Wrist shot by Joe Pavelski.
8:26 of 2nd period - Goal by Joe Pavelski - Stars : 1 - Oilers : 2.
8:27 of 2nd period - Erik Rasmussen wins face-off versus Mike Modano in neutral zone.
8:38 of 2nd period - Snap shot by Erik Rasmussen.
8:38 of 2nd period - Shot Blocked by Mike Modano.
8:40 of 2nd period - Backhand shot by Joe Pavelski.
8:40 of 2nd period - Stopped by Miika Kiprusoff with a rebound.
8:42 of 2nd period - Slapshot by Joe Callahan.
8:42 of 2nd period - Stopped by Miika Kiprusoff with a rebound.
9:13 of 2nd period - Steve Begin is hit by Steve Rucchin and loses puck.
10:21 of 2nd period - Slapshot by Pascal Dupuis.
10:21 of 2nd period - Stopped by Miika Kiprusoff with a rebound.
10:23 of 2nd period - Snap shot by Vernon Fiddler.
10:23 of 2nd period - Shot Misses the Net.
10:25 of 2nd period - Wrist shot by Pascal Dupuis.
10:25 of 2nd period - Shot Blocked by Ivan Majesky.
10:45 of 2nd period - Evgeny Artyukhin is hit by Jiri Slegr and loses puck.
10:55 of 2nd period - Major Penalty to Erik Rasmussen for Checking from behind.
10:56 of 2nd period - Mike Modano wins face-off versus Vernon Fiddler in Oilers zone.
11:13 of 2nd period - Mark Fistric is hit by Alexei Kovalev.
11:17 of 2nd period - Filip Novak is hit by Steve Begin and loses puck.
11:40 of 2nd period - Slapshot by Cory Stillman.
11:40 of 2nd period - Shot Misses the Net.
13:16 of 2nd period - David Legwand is hit by Jonathan Toews and loses puck.
13:37 of 2nd period - Eric Nystrom is hit by Evgeny Artyukhin and loses puck.
15:21 of 2nd period - Rob Scuderi is hit by Patrik Elias and loses puck.
15:48 of 2nd period - Snap shot by Steve Rucchin.
15:48 of 2nd period - Stopped by Byron Dafoe without a rebound.
15:49 of 2nd period - Marty Reasoner wins face-off versus Mike Modano in Oilers zone.
15:55 of 2nd period - Penalty to Erik Rasmussen is over, Erik Rasmussen is back on ice.
16:00 of 2nd period - Brendan Bell is hit by Joe Pavelski.
16:44 of 2nd period - Ilya Kovalchuk is hit by Mike Modano and loses puck.
17:08 of 2nd period - Slapshot by Marty Reasoner.
17:08 of 2nd period - Stopped by Miika Kiprusoff with a rebound.
17:24 of 2nd period - Wrist shot by Joe Pavelski.
17:24 of 2nd period - Stopped by Miika Kiprusoff with a rebound.
17:26 of 2nd period - Slapshot by Ian White.
17:26 of 2nd period - Deflect By Erik Rasmussen.
17:26 of 2nd period - Stopped by Miika Kiprusoff without a rebound.
17:27 of 2nd period - Pavol Demitra wins face-off versus Mike Modano in Stars zone.
17:42 of 2nd period - Slapshot by Ivan Majesky.
17:42 of 2nd period - Shot Misses the Net.
18:00 of 2nd period - Snap shot by Marcus Nilson.
18:00 of 2nd period - Shot Blocked by Ian White.
18:02 of 2nd period - Wrist shot by Evgeny Artyukhin.
18:02 of 2nd period - Shot Blocked by Jiri Slegr.
18:45 of 2nd period - Snap shot by Marty Reasoner.
18:45 of 2nd period - Shot Misses the Net.
18:47 of 2nd period - Snap shot by Marty Reasoner.
18:47 of 2nd period - Shot Misses the Net.
18:49 of 2nd period - Slapshot by Jiri Slegr.
18:49 of 2nd period - Deflect By Steve Begin.
18:49 of 2nd period - Shot Blocked by Branislav Mezei.
18:49 of 2nd period - Puck is out of play.
18:50 of 2nd period - David Legwand wins face-off versus Jonathan Toews in Stars zone.
18:50 of 2nd period - David Legwand is hit by Pavol Demitra.
19:04 of 2nd period - Snap shot by Jonathan Toews.
19:04 of 2nd period - Shot Misses the Net.
19:16 of 2nd period - Backhand shot by Joe Pavelski.
19:16 of 2nd period - Stopped by Miika Kiprusoff with a rebound.
19:17 of 2nd period - Minor Penalty to Joe Callahan for Slashing.
19:18 of 2nd period - Mike Modano wins face-off versus Marty Reasoner in Oilers zone.
19:19 of 2nd period - Slapshot by Alexei Kovalev.
19:19 of 2nd period - Shot Blocked by Marty Reasoner.
3rd period
0:01 of 3rd period - Mike Modano wins face-off versus Marty Reasoner in neutral zone.
0:08 of 3rd period - Wrist shot by Mike Modano.
0:08 of 3rd period - Stopped by Byron Dafoe with a rebound.
0:10 of 3rd period - Wrist shot by Alexei Kovalev.
0:10 of 3rd period - Goal by Alexei Kovalev - Stars : 2 - Oilers : 2.
0:11 of 3rd period - Erik Rasmussen wins face-off versus Mike Modano in neutral zone.
0:11 of 3rd period - Erik Rasmussen is hit by Patrik Elias.
0:18 of 3rd period - Minor Penalty to Alexei Kovalev for Roughing.
0:19 of 3rd period - Mike Modano wins face-off versus Erik Rasmussen in Stars zone.
0:49 of 3rd period - Off-side.
0:50 of 3rd period - Ilya Kovalchuk wins face-off versus Steve Rucchin in neutral zone.
0:55 of 3rd period - Slapshot by Ian White.
0:55 of 3rd period - Shot Misses the Net.
0:57 of 3rd period - Snap shot by Ilya Kovalchuk.
0:57 of 3rd period - Stopped by Miika Kiprusoff with a rebound.
0:59 of 3rd period - Slapshot by Ian White.
0:59 of 3rd period - Stopped by Miika Kiprusoff with a rebound.
1:17 of 3rd period - Snap shot by Pavol Demitra.
1:17 of 3rd period - Stopped by Miika Kiprusoff without a rebound.
1:18 of 3rd period - Mike Modano wins face-off versus Erik Rasmussen in Stars zone.
1:18 of 3rd period - Minor Penalty to Cory Stillman for Tripping.
1:19 of 3rd period - Mike Modano wins face-off versus Erik Rasmussen in Stars zone.
1:30 of 3rd period - Slapshot by Patrick Marleau.
1:30 of 3rd period - Shot Misses the Net.
1:32 of 3rd period - Slapshot by Kurtis Foster.
1:32 of 3rd period - Stopped by Miika Kiprusoff without a rebound.
1:33 of 3rd period - Mike Modano wins face-off versus Jonathan Toews in Stars zone.
2:18 of 3rd period - Penalty to Alexei Kovalev is over, Alexei Kovalev is back on ice.
3:18 of 3rd period - Penalty to Cory Stillman is over, Cory Stillman is back on ice.
3:32 of 3rd period - Snap shot by David Legwand.
3:32 of 3rd period - Stopped by Byron Dafoe with a rebound.
3:46 of 3rd period - Mike Modano is hit by Pascal Dupuis and loses puck.
4:05 of 3rd period - Minor Penalty to Patrick Kaleta for Hooking.
4:06 of 3rd period - Marty Reasoner wins face-off versus David Legwand in Oilers zone.
4:22 of 3rd period - Off-side.
4:23 of 3rd period - Mike Modano wins face-off versus Erik Rasmussen in neutral zone.
5:34 of 3rd period - Snap shot by Mathieu Schneider.
5:34 of 3rd period - Stopped by Byron Dafoe with a rebound.
6:05 of 3rd period - Penalty to Patrick Kaleta is over, Patrick Kaleta is back on ice.
6:20 of 3rd period - Snap shot by Ilya Kovalchuk.
6:20 of 3rd period - Shot Blocked by Evgeny Artyukhin.
6:22 of 3rd period - Slapshot by Kurtis Foster.
6:22 of 3rd period - Stopped by Miika Kiprusoff with a rebound.
6:24 of 3rd period - Snap shot by Jonathan Toews.
6:24 of 3rd period - Shot Misses the Net.
6:26 of 3rd period - Wrist shot by Ian White.
6:26 of 3rd period - Stopped by Miika Kiprusoff with a rebound.
6:28 of 3rd period - Slapshot by Ian White.
6:28 of 3rd period - Stopped by Miika Kiprusoff without a rebound.
6:29 of 3rd period - Glen Metropolit wins face-off versus Jonathan Toews in Stars zone.
6:36 of 3rd period - Kurtis Foster is hit by Jan Hlavac.
7:22 of 3rd period - Minor Penalty to Kurtis Foster for Tripping.
7:23 of 3rd period - Marty Reasoner wins face-off versus Mike Modano in Oilers zone.
7:23 of 3rd period - Marty Reasoner is hit by Mike Modano.
7:49 of 3rd period - Mathieu Schneider is hit by Eric Nystrom.
8:51 of 3rd period - Jiri Slegr is hit by Patrik Elias and loses puck.
9:22 of 3rd period - Penalty to Kurtis Foster is over, Kurtis Foster is back on ice.
9:24 of 3rd period - Brendan Bell is hit by Eric Nystrom and loses puck.
9:36 of 3rd period - Kurtis Foster is hit by Ivan Majesky and loses puck.
9:47 of 3rd period - Ian White is hit by Brendan Bell and loses puck.
9:58 of 3rd period - Ian White is hit by Evgeny Artyukhin and loses puck.
11:07 of 3rd period - Icing by Kurtis Foster.
11:08 of 3rd period - Erik Rasmussen wins face-off versus David Legwand in Oilers zone.
11:13 of 3rd period - Slapshot by Ian White.
11:13 of 3rd period - Shot Misses the Net.
11:15 of 3rd period - Slapshot by Jiri Slegr.
11:15 of 3rd period - Stopped by Miika Kiprusoff with a rebound.
11:17 of 3rd period - Slapshot by Patrick Marleau.
11:17 of 3rd period - Stopped by Miika Kiprusoff without a rebound.
11:18 of 3rd period - Mike Modano wins face-off versus Jonathan Toews in Stars zone.
11:18 of 3rd period - Mike Modano is hit by Pavol Demitra.
11:26 of 3rd period - Slapshot by Branislav Mezei.
11:26 of 3rd period - Deflect By Patrik Elias.
11:26 of 3rd period - Stopped by Byron Dafoe without a rebound.
11:27 of 3rd period - Jonathan Toews wins face-off versus Mike Modano in Oilers zone.
11:38 of 3rd period - Snap shot by Ilya Kovalchuk.
11:38 of 3rd period - Stopped by Miika Kiprusoff without a rebound.
11:39 of 3rd period - Joe Pavelski wins face-off versus Mike Modano in Stars zone.
11:42 of 3rd period - Wrist shot by Erik Rasmussen.
11:42 of 3rd period - Shot Misses the Net.
11:50 of 3rd period - Snap shot by Patrik Elias.
11:50 of 3rd period - Shot Misses the Net.
11:52 of 3rd period - Wrist shot by Filip Novak.
11:52 of 3rd period - Stopped by Byron Dafoe with a rebound.
12:35 of 3rd period - Snap shot by Steve Begin.
12:35 of 3rd period - Shot Blocked by Randy Jones.
12:55 of 3rd period - Snap shot by Patrik Elias.
12:55 of 3rd period - Stopped by Byron Dafoe with a rebound.
13:05 of 3rd period - Slapshot by Mathieu Schneider.
13:05 of 3rd period - Stopped by Byron Dafoe without a rebound.
13:06 of 3rd period - Glen Metropolit wins face-off versus Erik Rasmussen in Oilers zone.
13:13 of 3rd period - Snap shot by Jan Hlavac.
13:13 of 3rd period - Stopped by Byron Dafoe with a rebound.
13:15 of 3rd period - Slapshot by Filip Novak.
13:15 of 3rd period - Stopped by Byron Dafoe with a rebound.
13:17 of 3rd period - Slapshot by Filip Novak.
13:17 of 3rd period - Shot Blocked by Joe Callahan.
13:21 of 3rd period - Slapshot by Mathieu Schneider.
13:21 of 3rd period - Deflect By Joe Pavelski.
13:21 of 3rd period - Stopped by Byron Dafoe with a rebound.
13:54 of 3rd period - Patrick Kaleta is hit by Cory Stillman and loses puck.
13:59 of 3rd period - Slapshot by Mathieu Schneider.
13:59 of 3rd period - Shot Blocked by Joe Callahan.
14:05 of 3rd period - Nathan Horton is hit by Steve Begin and loses puck.
14:24 of 3rd period - Wrist shot by Joe Pavelski.
14:24 of 3rd period - Shot Misses the Net.
14:41 of 3rd period - Slapshot by David Legwand.
14:41 of 3rd period - Shot Misses the Net.
14:43 of 3rd period - Slapshot by David Legwand.
14:43 of 3rd period - Shot Misses the Net.
14:45 of 3rd period - Slapshot by Filip Novak.
14:45 of 3rd period - Shot Blocked by Ian White.
14:47 of 3rd period - Snap shot by Cory Stillman.
14:47 of 3rd period - Stopped by Byron Dafoe with a rebound.
14:49 of 3rd period - Slapshot by Filip Novak.
14:49 of 3rd period - Stopped by Byron Dafoe without a rebound.
14:50 of 3rd period - Mike Modano wins face-off versus Jonathan Toews in Oilers zone.
15:17 of 3rd period - Kurtis Foster is hit by Marcus Nilson and loses puck.
15:44 of 3rd period - Snap shot by Jan Hlavac.
15:44 of 3rd period - Stopped by Byron Dafoe with a rebound.
16:00 of 3rd period - Wrist shot by Patrick Marleau.
16:00 of 3rd period - Shot Misses the Net.
16:02 of 3rd period - Slapshot by Ian White.
16:02 of 3rd period - Shot Blocked by Ivan Majesky.
16:50 of 3rd period - Wrist shot by Patrick Kaleta.
16:50 of 3rd period - Shot Misses the Net.
16:52 of 3rd period - Slapshot by Kurtis Foster.
16:52 of 3rd period - Shot Blocked by Jan Hlavac.
16:54 of 3rd period - Snap shot by Marty Reasoner.
16:54 of 3rd period - Deflect By Steve Begin.
16:54 of 3rd period - Stopped by Miika Kiprusoff with a rebound.
16:58 of 3rd period - Slapshot by Steve Begin.
16:58 of 3rd period - Shot Misses the Net.
17:18 of 3rd period - Ilya Kovalchuk is hit by Mark Parrish and loses puck.
17:41 of 3rd period - Snap shot by Ilya Kovalchuk.
17:41 of 3rd period - Stopped by Miika Kiprusoff with a rebound.
17:43 of 3rd period - Wrist shot by Joe Callahan.
17:43 of 3rd period - Shot Blocked by Filip Novak.
17:56 of 3rd period - Minor Penalty to Joe Callahan for Hooking.
17:57 of 3rd period - Mike Modano wins face-off versus Marty Reasoner in Oilers zone.
18:06 of 3rd period - Snap shot by Alexei Kovalev.
18:06 of 3rd period - Shot Misses the Net.
18:16 of 3rd period - Rob Scuderi is hit by Patrik Elias and loses puck.
18:40 of 3rd period - Wrist shot by Mike Modano.
18:40 of 3rd period - Shot Misses the Net.
18:42 of 3rd period - Slapshot by Patrik Elias.
18:42 of 3rd period - Deflect By Alexei Kovalev.
18:42 of 3rd period - Shot Misses the Net.
18:42 of 3rd period - Puck is out of play.
18:43 of 3rd period - Marty Reasoner wins face-off versus David Legwand in Oilers zone.
18:57 of 3rd period - Marty Reasoner is hit by Cory Stillman and loses puck.
18:58 of 3rd period - Marty Reasoner from Oilers is injured at 18:58 of 3rd period (Fractured Metatarsal (Right Foot)).
18:59 of 3rd period - Mike Modano wins face-off versus Vernon Fiddler in Oilers zone.
19:56 of 3rd period - Penalty to Joe Callahan is over, Joe Callahan is back on ice.
Overtime #1
0:01 of 1st overtime period - Mike Modano wins face-off versus Ilya Kovalchuk in neutral zone.
1:38 of 1st overtime period - David Legwand is hit by Ilya Kovalchuk and loses puck.
3:13 of 1st overtime period - Rob Scuderi is hit by Steve Rucchin and loses puck.
3:58 of 1st overtime period - Steve Begin is hit by Mike Modano.
4:02 of 1st overtime period - Patrik Elias is hit by Rob Scuderi.
ShootOut
5:00 of 1st overtime period - Penalty Shot by Mike Modano for Stars.
5:00 of 1st overtime period - Deke by Mike Modano.
5:00 of 1st overtime period - Stopped by Byron Dafoe.
5:00 of 1st overtime period - Penalty Shot by Ilya Kovalchuk for Oilers.
5:00 of 1st overtime period - Deke by Ilya Kovalchuk.
5:00 of 1st overtime period - Shot Misses the Net.
5:00 of 1st overtime period - Penalty Shot by Alexei Kovalev for Stars.
5:00 of 1st overtime period - Deke by Alexei Kovalev.
5:00 of 1st overtime period - Goal by Alexei Kovalev.
5:00 of 1st overtime period - Penalty Shot by Pavol Demitra for Oilers.
5:00 of 1st overtime period - Deke by Pavol Demitra.
5:00 of 1st overtime period - Shot Misses the Net.
5:00 of 1st overtime period - Penalty Shot by Cory Stillman for Stars.
5:00 of 1st overtime period - Backhand shot by Cory Stillman.
5:00 of 1st overtime period - Goal by Cory Stillman.
Output by the SimonT Hockey Simulator (STHS) for François Prévost -- Original Page W3C XHTML 1.0 Valid